Map: Amygdala

Players

NORTHAMERICA - Winner!

  • Race: Protoss Protoss
  • League: Grandmaster
  • Spawn Location: 7:00

donk

  • Race: Terran Terran
  • League: Grandmaster
  • Spawn Location: 1:00

VOD

Have the link to the VOD?

Description

Time

  • Played on: Dec. 16, 2024, 3:26 a.m.
  • Length: 15:27
Show
View Real Time Build Order
Export as new Build Order

NORTHAMERICA Protoss - Winner!

Build Orders: 1 Gate Expand, Blink Stalkers 

Get SALT Encoding   

  12  0:00  Probe  
  13  0:12  Probe  
  14  0:17  Pylon  
  14  0:24  Probe  
  15  0:34  Probe  
  15  0:37  Gateway  
  15  0:42  Probe  
  16  0:47  Assimilator  
  17  0:51  Probe  
  18  1:03  Probe  
  19  1:15  Probe  
  20  1:23  Nexus  
  20  1:33  Cybernetics Core  
  20  1:35  Probe  
  21  1:43  Probe, Assimilator  
  21  1:52  Probe, Pylon  
  23  2:02  Sentry  
  23  2:09  Pylon  
  23  2:10  Probe  
  26  2:16  Warp Gate  
  26  2:22  Probe  
  27  2:24  Stalker  
  29  2:34  Probe  
  30  2:39  Probe  
  31  2:46  Probe  
  31  2:49  Twilight Council  
  33  2:51  Probe  
  33  2:53  Blink  
  34  2:58  Probe  
  34  3:03  Probe  
  35  3:10  Probe  
  36  3:15  Gateway x2, Probe  
  37  3:22  Probe  
  38  3:27  Probe  
  38  3:34  Shield Battery  
  39  3:37  Robotics Facility  
  39  3:39  Probe  
  39  3:41  Probe  
  41  3:51  Probe  
  41  3:53  Probe  
  43  3:58  Assimilator  
  43  4:03  Probe  
  43  4:05  Probe  
  45  4:13  Nexus  
  45  4:14  Pylon  
  45  4:15  Probe  
  46  4:18  Stalker  
  46  4:20  Stalker  
  46  4:22  Probe  
  51  4:25  Stalker  
  51  4:27  Observer  
  54  4:32  Probe, Pylon  
  54  4:34  Probe  
  56  4:44  Probe  
  57  4:46  Probe  
  57  4:50  Charge  
  57  4:51  Pylon  
  58  4:54  Stalker x2  
  58  4:59  Gateway  
  62  5:02  Gateway  
  62  5:04  Observer  
  63  5:11  Gateway  
  63  5:12  Gateway  
  63  5:13  Probe  
  64  5:17  Probe  
  64  5:18  Robotics Bay  
  65  5:21  Probe  
  65  5:25  Probe x2  
  67  5:29  Probe  
  67  5:30  Sentry  
  67  5:34  Pylon x2  
  71  5:37  Probe  
  71  5:42  Immortal  
  76  5:43  Probe  
  76  5:48  Probe  
  78  5:53  Shield Battery  
  78  5:54  Dark Shrine  
  78  5:56  Forge  
  78  6:03  Probe  
  78  6:04  Probe x2, Pylon  
  81  6:12  Colossus  
  81  6:15  Probe  
  81  6:16  Probe  
  81  6:17  Assimilator, Pylon, Forge  
  81  6:18  Zealot  
  85  6:23  Protoss Ground Weapons Level 1, Pylon  
  85  6:30  Zealot x3  
  97  6:35  Probe  
  98  6:43  Stalker x2  
  98  6:45  Pylon  
  102  6:49  Assimilator  
  102  6:50  Probe  
  103  6:54  Probe x2  
  103  7:02  Probe  
  103  7:04  Protoss Ground Armor Level 1, Colossus  
  103  7:05  Shield Battery  
  103  7:06  Probe x2  
  104  7:14  Probe  
  111  7:18  Probe x2, Assimilator  
  111  7:20  Dark Templar  
  115  7:24  Zealot x3  
  115  7:25  Zealot  
  115  7:27  Zealot x2, Extended Thermal Lance  
  121  7:43  Colossus  
  117  7:51  Zealot x5  
  119  7:58  Zealot x2  
  99  8:14  Probe  
  99  8:16  Probe  
  99  8:17  Probe  
  102  8:22  Protoss Ground Weapons Level 2  
  102  8:25  Nexus  
  102  8:26  Probe  
  101  8:27  Robotics Facility  
  101  8:28  Probe, Pylon  
  101  8:30  Sentry  
  101  8:31  Dark Templar  
  101  8:32  Dark Templar  
  108  8:36  Probe, Archon  
  108  8:39  Zealot x4, Disruptor  
  108  8:40  Protoss Ground Armor Level 2  
  121  8:52  Gateway  
  121  8:54  Gateway  
  121  8:56  Probe  
  121  9:00  Stalker x3  
  128  9:03  Photon Cannon, Probe  
  128  9:07  Dark Templar  
  128  9:08  Pylon  
  131  9:13  Dark Templar  
  131  9:17  Archon  
  131  9:18  Disruptor  
  131  9:24  Zealot x5  
  131  9:26  Disruptor  
  131  9:30  Probe  
  150  9:46  Templar Archives  
  150  9:48  Assimilator  
  150  9:49  Gateway  
  150  9:50  Assimilator  
  148  9:53  Probe  
  148  9:55  Disruptor  
  153  10:00  Dark Templar  
  153  10:04  Shield Battery  
  153  10:06  Shield Battery  
  155  10:07  Zealot x5  
  155  10:09  Photon Cannon  
  165  10:19  Dark Templar x2  
  168  10:24  Photon Cannon  
  168  10:26  Archon  
  168  10:27  Stalker x2  
  172  10:34  Disruptor  
  166  10:37  Protoss Ground Weapons Level 3  
  166  10:40  Zealot x4  
  166  10:41  Zealot  
  168  10:43  Psionic Storm, Protoss Ground Armor Level 3  
  152  10:54  Zealot  
  152  10:55  Zealot x4  
  162  11:03  Probe  
  159  11:14  Probe  
  159  11:17  High Templar  
  162  11:23  Photon Cannon  
  162  11:25  Photon Cannon  
  162  11:26  High Templar  
  162  11:28  Stalker x4  
  172  11:33  Pylon x2  
  172  11:34  Pylon  
  172  11:37  Pylon  
  170  11:49  Dark Templar  
  170  11:54  Dark Templar, Pylon  
  174  11:56  Zealot x3  
  174  11:57  Zealot x3  
  174  11:58  High Templar  
  188  12:02  High Templar  
  188  12:04  Photon Cannon  
  188  12:06  Nexus  
  188  12:21  Disruptor  
  188  12:27  High Templar x2  
  192  12:31  Photon Cannon  
  192  12:33  Photon Cannon  
  192  12:35  Photon Cannon, Zealot x4  
  200  12:37  Shield Battery  
  200  12:38  Shield Battery  
  200  12:41  Pylon  
  172  12:51  Disruptor  
  146  13:02  Zealot x6, Colossus  
  146  13:03  Zealot x3  
  148  13:09  Colossus  
  144  13:13  Probe, Protoss Shields Level 1  
  151  13:27  High Templar x4  
  151  13:31  Zealot x5  
  151  13:32  Zealot  
  175  13:34  Archon  
  175  13:35  Archon  
  175  13:36  Probe  
  176  13:41  Colossus  
  176  13:55  Gateway  
  176  13:56  Gateway, Zealot x2, Robotics Facility  
  176  13:57  Zealot  
  176  14:02  Sentry x2  
  192  14:08  Stalker x2  
  192  14:09  Stalker x2  
  187  14:25  Disruptor  
  187  14:27  Zealot x3, Stalker  
  199  14:31  Probe  
  199  14:34  Zealot  
  199  14:38  Probe  
  147  15:09  Zealot x3  
  147  15:10  Zealot x5  
  147  15:11  High Templar x4  
Show
View Real Time Build Order
Export as new Build Order

donk Terran 

Build Orders: Reaper Expand 

Get SALT Encoding   

  12  0:00  SCV  
  13  0:12  SCV  
  14  0:17  Supply Depot  
  14  0:24  SCV  
  15  0:38  SCV  
  15  0:41  Barracks  
  16  0:43  Refinery  
  16  0:50  SCV  
  17  1:02  SCV  
  18  1:15  SCV  
  19  1:28  Orbital Command, Reaper  
  20  1:42  Command Center  
  20  1:49  Supply Depot  
  20  1:53  SCV  
  21  1:59  Marine  
  22  2:05  SCV  
  22  2:07  Factory  
  23  2:17  SCV  
  23  2:18  Bunker  
  23  2:19  Barracks Reactor  
  24  2:29  Refinery, SCV  
  25  2:42  SCV  
  26  2:54  SCV, Orbital Command  
  26  2:58  Starport  
  27  2:59  Marine  
  27  3:00  Marine  
  31  3:07  Widow Mine  
  31  3:08  SCV  
  32  3:17  Marine x2  
  34  3:20  SCV  
  34  3:21  SCV  
  34  3:26  Supply Depot  
  36  3:28  Widow Mine  
  36  3:32  SCV  
  36  3:33  SCV  
  40  3:37  Marine  
  40  3:38  Medivac, Marine  
  44  3:44  SCV  
  45  3:48  Supply Depot  
  45  3:49  SCV  
  45  3:56  SCV  
  45  3:57  Factory Tech Lab  
  45  3:59  Marine x2  
  45  4:01  SCV  
  49  4:08  SCV  
  49  4:09  Barracks  
  50  4:11  Starport Tech Lab  
  50  4:13  SCV  
  51  4:18  Siege Tank  
  51  4:20  SCV, Barracks  
  51  4:21  Marine x2  
  57  4:25  SCV  
  57  4:26  Supply Depot  
  57  4:30  Raven  
  60  4:32  SCV  
  60  4:37  SCV  
  62  4:39  Engineering Bay  
  62  4:41  Refinery  
  62  4:47  Marine x2  
  62  4:48  SCV, Supply Depot  
  62  4:50  SCV  
  62  4:52  Siege Tank  
  69  4:59  Supply Depot  
  69  5:00  SCV  
  69  5:01  Barracks Tech Lab  
  70  5:10  SCV, Marine x2  
  70  5:12  SCV, Terran Infantry Weapons Level 1  
  74  5:18  Supply Depot  
  74  5:19  Marine  
  74  5:20  Marine  
  70  5:22  SCV  
  70  5:24  SCV, Stimpack  
  72  5:29  Refinery  
  72  5:34  SCV  
  72  5:35  Marine x2  
  75  5:36  SCV  
  75  5:37  Combat Shield  
  76  5:43  Marauder x2, Command Center  
  76  5:46  SCV  
  76  5:48  SCV  
  76  5:49  Factory Reactor, Supply Depot  
  82  5:55  Marine x2, Supply Depot  
  84  5:58  SCV  
  84  6:00  SCV  
  84  6:02  Starport Reactor  
  86  6:04  Marauder  
  86  6:05  Marauder  
  86  6:10  SCV  
  91  6:12  SCV  
  91  6:14  Supply Depot  
  91  6:15  Marine x2  
  94  6:23  SCV  
  95  6:26  Marauder  
  95  6:27  Marauder  
  95  6:29  SCV, Barracks x2  
  95  6:31  Widow Mine x2  
  104  6:35  SCV, Marine  
  104  6:36  Marine  
  104  6:38  Supply Depot  
  107  6:42  Supply Depot  
  107  6:43  Medivac  
  107  6:45  Medivac  
  111  6:48  SCV x2  
  111  6:51  Marauder  
  111  6:54  Marauder  
  117  6:55  Marine x2  
  121  7:01  Widow Mine x2  
  123  7:11  SCV x2  
  123  7:12  Supply Depot x2  
  123  7:13  Marauder  
  123  7:15  Marauder  
  129  7:17  Marine x2  
  129  7:18  Barracks Reactor  
  129  7:20  Orbital Command  
  131  7:24  Medivac x2  
  131  7:29  Marine  
  135  7:31  SCV  
  135  7:34  Marauder  
  135  7:36  Marauder, Marine  
  133  7:38  SCV  
  133  7:43  Widow Mine x2  
  137  7:45  Marine  
  137  7:48  Marauder  
  137  7:50  Ghost Academy  
  140  7:54  Marine  
  140  7:55  Marauder  
  140  7:58  Marauder  
  142  8:04  Marine  
  125  8:08  Marine x2  
  125  8:09  Marauder  
  125  8:11  SCV x3  
  113  8:15  Missile Turret  
  113  8:17  Marauder  
  113  8:18  Missile Turret, Marine  
  113  8:19  Marauder  
  115  8:24  SCV x3  
  118  8:30  Medivac x2  
  118  8:31  Marauder  
  118  8:32  Marine x2  
  126  8:38  Marauder  
  126  8:41  SCV x2, Marauder  
  130  8:42  Supply Depot  
  130  8:43  Marine x2  
  130  8:45  Supply Depot  
  134  8:50  Refinery, Marine  
  134  8:51  Ghost  
  134  8:53  Terran Infantry Armor Level 1  
  134  8:55  Marine  
  139  9:00  Marauder, Marine x2  
  139  9:02  Marauder  
  144  9:05  Missile Turret  
  144  9:11  SCV  
  144  9:14  Marine x2  
  147  9:19  Starport  
  147  9:20  Marine  
  147  9:21  Marauder x2  
  147  9:22  Ghost  
  155  9:24  Marine  
  155  9:25  Missile Turret  
  155  9:26  Bunker  
  156  9:32  Marine  
  156  9:36  Command Center  
  157  9:38  Viking  
  157  9:40  Viking  
  157  9:42  Marauder x2  
  164  9:51  Ghost, Concussive Shells  
  167  10:00  Refinery, Marine x2  
  167  10:02  Ghost  
  167  10:03  Ghost  
  175  10:09  Marine, Barracks  
  175  10:12  Barracks  
  176  10:14  Barracks  
  176  10:15  Viking x2  
  180  10:26  Supply Depot  
  180  10:33  Marauder x2  
  180  10:34  Ghost  
  180  10:38  Marine  
  180  10:39  Marine x2  
  180  10:42  SCV x2  
  172  10:43  SCV  
  162  10:50  Marine  
  162  10:53  Ghost  
  162  10:54  SCV, Marauder  
  162  10:56  Marine, Viking  
  157  11:02  Marine x2  
  157  11:03  Ghost  
  152  11:10  Viking x2  
  154  11:11  Viking  
  154  11:13  Barracks Tech Lab x2  
  154  11:15  Ghost  
  154  11:17  Barracks Tech Lab  
  154  11:18  Marine  
  160  11:21  SCV x2  
  160  11:22  Engineering Bay, Ghost, Marine  
  160  11:23  Armory  
  166  11:26  Marine  
  166  11:32  Marauder  
  169  11:33  Planetary Fortress  
  169  11:35  Marine x2  
  169  11:36  Missile Turret, Marauder  
  169  11:37  Marine  
  176  11:40  Marine  
  176  11:45  SCV, Marine x2  
  176  11:46  SCV  
  178  11:51  Marine  
  178  11:53  Marauder, Marine  
  178  11:54  Marauder  
  184  11:55  SCV  
  184  11:57  Marauder x2, Marine  
  184  12:00  Marine  
  189  12:03  Marauder  
  189  12:06  Marine  
  191  12:09  Marauder  
  191  12:11  Marine  
  191  12:14  Marine  
  191  12:15  Marauder x2  
  197  12:18  Marine  
  189  12:28  Command Center  
  189  12:29  Terran Infantry Weapons Level 2, Terran Infantry Armor Level 2  
  189  12:37  Supply Depot  
  189  12:43  Marauder, Marine  
  188  12:50  Marauder x3, Marine x3  
  176  12:51  Marine  
  176  12:55  Marine  
  136  13:00  Marine  
  136  13:05  Marauder  
  138  13:08  Marine x3  
  138  13:11  Medivac, Marine x2  
  138  13:12  Marauder  
  148  13:15  Medivac, Marine  
  148  13:16  Marauder  
  148  13:18  Marine  
  153  13:25  Marine x2  
  153  13:26  Marine  
  156  13:28  Medivac  
  156  13:29  Marauder  
  156  13:30  Medivac, Marine  
  156  13:32  Marine  
  164  13:35  Marine  
  164  13:36  Marauder  
  164  13:37  Marine  
  164  13:39  Marine  
  169  13:42  Planetary Fortress  
  169  13:43  Marine  
  169  13:46  Marine  
  171  13:50  SCV x3  
  171  13:53  Marauder, Marine x2  
  180  13:55  Marauder  
  180  13:56  Marine x2  
  180  13:58  Marine x2  
  184  14:09  Fusion Core  
  184  14:10  Ghost  
  184  14:11  Marine x2  
  184  14:13  Ghost  
  184  14:14  Marauder  
  188  14:19  Marauder, Marine  
  188  14:24  Marauder x2, Marine  
  189  14:28  Marine x2  
  185  14:35  Marine  
  185  14:36  Marine  
  179  14:39  Marine  
  179  14:40  Marine  
  179  14:41  Marine  
  179  14:42  Marine  
  179  14:45  Marine x2  
  176  14:46  Marine  
  169  14:53  Ghost  
  169  14:57  Ghost, Marine  
  169  14:58  Marauder  
  169  14:59  Marine  
  139  15:00  Marauder  
  139  15:01  Marine  
  139  15:03  Marauder  
  139  15:06  Marine x2  
Tags
 
Add a new tag
Caveats
  • Supply blocks, unpowered buildings, or Contaminate may cause inaccurate times.
  • Supply counts are checked every 10 seconds.